 Dungeon Crawl Stone Soup version 0.29-a0-1052-g6990b1bffc (webtiles) character file.

Game seed: 17285937362440202749

14 inmateoo the Trooper (level 2, -7/24 HPs)
             Began as a Demonspawn Fighter on Aug 18, 2022.
             Mangled by a kobold
             ... wielding a +2 short sword of electrocution
              (11 damage)
             ... on level 1 of the Dungeon.
             The game lasted 00:00:28 (215 turns).

inmateoo the Trooper (Demonspawn Fighter)            Turns: 215, Time: 00:00:29

Health: -7/24      AC:  6    Str: 16    XL:     2   Next: 27%
Magic:  2/2        EV:  9    Int:  9    God:
Gold:   16         SH:  4    Dex: 12    Spells: 1/1 levels left

rFire   . . .      SeeInvis .   a - +0 trident
rCold   . . .      Faith    .   c - +0 buckler
rNeg    . . .      Spirit   .   b - +0 scale mail
rPois   .          Reflect  .   (no helmet)
rElec   .          Harm     .   (no cloak)
rCorr   .          Rampage  .   (no gloves)
Will    .....                   (no boots)
Stlth   ..........              (no amulet)
HPRegen 0.08/turn               (no ring)
MPRegen 0.08/turn               (no ring)

@: no status effects
A: weakness stinger 1
a: no special abilities


You were on level 1 of the Dungeon.
You visited 1 branch of the dungeon, and saw 1 of its levels.

You collected 16 gold pieces.

Inventory:

Hand Weapons
 a - a +0 trident (weapon)
Armour
 b - a +0 scale mail (worn)
 c - a +0 buckler (worn)
Scrolls
 f - a scroll of fear {unknown}
 g - a scroll of identify {unknown}
 h - a scroll of immolation {unknown}
Potions
 d - a potion of might
 e - a potion of lignification {unknown}
 i - a potion of degeneration {unknown}


   Skills:
 + Level 3.1 Fighting
 * Level 2.1 Polearms
 + Level 2.8 Armour
 + Level 0.3 Dodging
 + Level 2.8 Shields


You had one spell level left.
You didn't know any spells.
Your spell library was empty.

Dungeon Overview and Level Annotations

Branches:
Dungeon (1/15)

Altars:


Innate Abilities, Weirdness & Mutations

You have a small tail.


Message History

The ball python bites you but does no damage.
The ball python constricts you.
You completely miss the ball python.
The ball python is severely wounded.
The ball python bites you but does no damage.
The ball python constricts you.
You hit the ball python.
You kill the ball python!
The bat hits you but does no damage. The bat hits you.
* * * LOW HITPOINT WARNING * * *
You miss the bat.
Your tail-slap misses the bat.
The bat misses you. The bat hits you but does no damage.
You puncture the goblin!
You kill the goblin!
The bat hits you but does no damage. x2
You hit the bat. You tail-slap the bat.
The bat is heavily wounded.
The bat closely misses you.
You closely miss the bat.
The bat is heavily wounded.
The bat hits you but does no damage.
You closely miss the bat.
The bat is heavily wounded.
The bat hits you but does no damage.
Reach: a) +0 trident
Press: ? - help, Dir - move target, f/p - bat
Aim: a bat (heavily wounded, about 58% to evade your +0 trident)
You reach to attack!
You hit the bat.
You kill the bat!
You start resting.
A kobold comes into view.
It is wielding a +2 short sword of electrocution.
Reach: a) +0 trident
Press: ? - help, Dir - move target, f - kobold
Aim: a kobold, wielding a +2 short sword of electrocution and quivering stones (wandering, hasn't noticed you, about 50% to evade your +0 trident)
You reach to attack!
You barely miss the kobold.
The kobold shouts!
You hear a shout!
A giant cockroach comes into view.
You barely miss the kobold. The kobold hits you but does no damage.
You are electrocuted!
You die...

..........#..........##...
.........##..............(
.)##.....####.............
..##.......)#........B....
..###...........S.......#.
..# #.....................
### #.........#'##).......
.............#K##+#....
#?..........#.@.# ..
#..................+
#............##....#
.............#.....
.....#. .##...## .. #. .
..... . . .. .... ## ...


You could see a giant cockroach and a kobold.

Vanquished Creatures
  A ball python (D:1)
  A bat (D:1)
  2 endoplasms (D:1)
  A giant cockroach (D:1)
  2 goblins (D:1)
  2 jackals (D:1)
  A kobold (D:1)
10 creatures vanquished.

Notes
Turn   | Place    | Note
-------+----------+-------------------------------------------
     0 | D:1      | inmateoo the Demonspawn Fighter began the quest for the
                  | Orb.
     0 | D:1      | Reached XP level 1. HP: 18/18 MP: 1/1
   163 | D:1      | Found a faded altar of an unknown god.
   170 | D:1      | Gained mutation: You have a small tail. [demonic ancestry]
   170 | D:1      | Reached XP level 2. HP: 8/24 MP: 2/2
   215 | D:1      | Mangled by a kobold

Illustrated notes

Levels and vault maps discovered:
D:1:      psy_arrival_basics, layout_basic, ebering_ecumenical_altar_mist,
          minmay_stone_trees_small

Skill      XL: |  1 |
---------------+----+-----
Polearms       | 2 |  2.1
Fighting       | |  3.1
Armour         | |  2.8
Dodging        | |  0.3
Shields        | |  2.8

Action                   || total
-------------------------++-------
Melee: Trident           ||    47
       Tailslap          ||     1
Armor: Scale mail        ||    34
Dodge: Dodged            ||    22
Block: Buckler           ||     7

Table legend: (Time is in decaauts)
 A = Elapsed time spent in this place.
 B = Non-inter-level travel time spent in this place.
 C = Inter-level travel time spent in this place.
 D = Time resting spent in this place.
 E = Time spent auto-exploring this place.
 F = Levels seen in this place.
 G = Mean time per level.
                   A        B        C        D        E       F      G
               +--------+--------+--------+--------+--------+-----+--------+
         Total |    226 |    226 |      0 |     13 |    113 |   1 |  226.0 |
       Dungeon |    226 |    226 |      0 |     13 |    113 |   1 |  226.0 |
               +--------+--------+--------+--------+--------+-----+--------+

Top non-repeatable levels by time:
     D:1: 226 daAuts
